AoeStats
← KaLong

Black Forest

504762224Analyzed
1v1 RM · 26d ago on Sep 6, 2026· 34m 54s· 2 players
Game mode
Random Map
Map size
Tiny (2 player)
Population
200
Speed
Normal
Resources
Standard
Victory
Conquest
Starting age
Dark Age
Ending age
Imperial Age
RankedLock teamsTeams togetherTeam positionsShared explorationLock speedFull tech treeHidden civsTurbo modeCheats
Victory
Defeat
🇺🇸 Bohemians · United States
1165
+31
🇸🇪 Ethiopians · Sweden
1181
-17
KaLong
0:59 Loom
11:24 Feudal Age
15:50 Castle Age
14:28 Double-Bit Axe
16:47 Bow Saw
16:27 Horse Collar
19:12 Town Watch
20:30 Wheelbarrow
23:25 Chemistry
22:40 Heavy Plow
23:56 Padded Archer Armor
24:32 Fortified Wall
28:10 Padded Archer Armor
31:17 Imperial Age
29:46 Leather Archer Armor
30:43 Hand Cart
33:11 Ring Archer Armor
WildLyfe
1:21 Loom
11:38 Feudal Age
11:56 Man-at-Arms
13:14 Forging
13:18 Arson
17:42 Castle Age
16:07 Double-Bit Axe
16:53 Horse Collar
19:27 Wheelbarrow
19:18 Bow Saw
19:30 Gold Mining
23:15 Fletching
23:51 Crossbowman
24:49 Fletching
25:13 Squires
27:05 Hand Cart
29:10 Heavy Plow
30:10 Town Watch
33:15 Imperial Age
32:39 Gold Shaft Mining
32:28 Thumb Ring
32:24 Bodkin Arrow
34:57 Chemistry
34:01 Bracer
33:27 Arbalester
34:31 Scale Mail Armor
35:44 Conscription
Connection lost

Rejoining the realm…

Still unreachable

The connection could not be restored.

Session expired

The server has moved on; the page needs a fresh start.